 Dungeon Crawl Stone Soup version 0.28.0-47-ge53b351184 (webtiles) character file.

Game seed: 3951761255118640825

152 klau3 the Chopper (level 5, 0/46 HPs)
             Began as a Hill Orc Fighter on May 5, 2022.
             Slain by a scorpion (6 damage)
             ... on level 4 of the Dungeon.
             The game lasted 00:09:50 (3737 turns).

klau3 the Chopper (Hill Orc Fighter)                Turns: 3737, Time: 00:09:51

Health: 0/46       AC:  9    Str: 19    XL:     5   Next: 34%
Magic:  5/5        EV:  9    Int:  8    God:
Gold:   226        SH:  5    Dex: 12    Spells: 3/4 levels left

rFire   . . .      SeeInvis .   a - +0 war axe
rCold   . . .      Faith    .   c - +0 buckler
rNeg    . . .      Spirit   .   b - +0 scale mail
rPois   .          Reflect  .   (no helmet)
rElec   .          Harm     .   (no cloak)
rCorr   .          Rampage  .   w - +0 pair of gloves
Will    .....                   i - +0 pair of boots
Stlth   ..........              (no amulet)
HPRegen 0.15/turn               (no ring)
MPRegen 0.09/turn               (no ring)

@: no status effects
A: no striking features
a: no special abilities


You were on level 4 of the Dungeon.
You visited 1 branch of the dungeon, and saw 4 of its levels.

You collected 226 gold pieces.

Inventory:

Hand Weapons
 a - a +0 war axe (weapon)
Missiles
 r - 4 poisoned darts (quivered)
Armour
 b - a +0 scale mail (worn)
 c - a +0 buckler (worn)
 i - a +0 pair of boots (worn)
 w - a +0 pair of gloves (worn)
Jewellery
 u - a ring of poison resistance
 v - the ring "Cimuuzac" {Fly rPois Str+8 Int-5 Slay+4}
   (You took it off a goblin on level 3 of the Dungeon)

   [ring of slaying]

   Str:       It affects your strength (+8).
   Int:       It affects your intelligence (-5).
   Slay:      It affects your accuracy & damage with ranged weapons and melee
   (+4).
   rPois:     It protects you from poison.
   Fly:       It grants you flight.
Wands
 o - a wand of polymorph (5)
Scrolls
 h - 5 scrolls of identify {unknown}
 j - a scroll of teleportation {unknown}
 k - a scroll of amnesia {unknown}
 l - a scroll of magic mapping {unknown}
 t - a scroll of noise {unknown}
Potions
 d - a potion of might
 e - 2 potions of heal wounds {unknown}
 f - a potion of ambrosia {unknown}
 g - a potion of brilliance {unknown}
 m - a potion of berserk rage {unknown}
 n - 4 potions of curing
 p - a potion of flight
 q - a potion of lignification {unknown}
 s - a potion of mutation {unknown}


   Skills:
 + Level 4.2 Fighting
 + Level 4.9 Axes
 + Level 4.1 Armour
 + Level 0.6 Dodging
 + Level 0.2 Stealth
 + Level 3.8 Shields
 + Level 0.9 Unarmed Combat
 + Level 0.2 Fire Magic


You had 3 spell levels left.
You knew the following spells:

 Your Spells              Type           Power      Damage    Failure   Level
a - Foxfire               Conj/Fire      0%         2x1d4     85%         1

Your spell library contained the following spells:

 Spells                   Type           Power      Damage    Failure   Level
 Blink                    Tloc           0%         N/A       94%         2
 Manifold Assault         Tloc           0%         N/A       100%        5
 Storm Form               Tmut/Air       0%         N/A       100%        7


Dungeon Overview and Level Annotations

Branches:
Dungeon (4/15)
 Temple: D:4-7

Altars:
Yredelemnul
Zin

Annotations:
D:4 Menkaure


Message History

The ball python is severely wounded.
The ball python bites you but does no damage.
The ball python constricts you.
You closely miss the ball python.
The ball python is severely wounded.
The ball python barely misses you. The ball python constricts you.
You slash the ball python!
You kill the ball python!
You see here a ball python corpse.
You open the door.
Found an escape hatch in the ceiling.
A scorpion and an ogre come into view.
There is an open door here.
Found a scroll labelled LAEKOCA LEQA.
Throw: 5 darts (poison)
Press: ? - help, Q - select action, (/) - cycle Shift-Dir - straight line, f - ogre
Aim: an ogre, wielding a +0 giant club (74% to hit)
You throw a poisoned dart. The poisoned dart hits the scorpion.
The scorpion is poisoned.
You hit the scorpion but do no damage.
The scorpion is lightly wounded.
The scorpion stings you but does no damage.
You hit the scorpion.
The scorpion is moderately wounded.
You hit the ogre. You block the scorpion's attack. You block the ogre's attack.
The scorpion barely misses you.
You slash the ogre!
The ogre is heavily wounded.
You hit the scorpion. You block the scorpion's attack.
The ogre hits you with a +0 giant club!
The orc shouts!
You slash the ogre!
The ogre is almost dead.
You closely miss the scorpion.
The scorpion looks more healthy.
The scorpion barely misses you.
The ogre hits you with a +0 giant club!!
Ouch! That really hurt!
* * * LOW HITPOINT WARNING * * *
The scorpion stings you.
You die...

...##.........#
....
#.........#
#...
##.........###
....
+.............
.....
###.##########
#..# ###'####
#......#
#..@s..#
#...O.....#
#.....(...#
...........#
......<......
≈..............
....#....?...o.
....######.###.


You could see an ogre, a scorpion and an orc.

Vanquished Creatures
  Ijyb (D:2)
  Jessica (D:3)
  2 adders
  A river rat (D:3)
  2 adder zombies (D:3)
  A worm (D:3)
  An orc (D:3)
  2 endoplasms
  4 giant cockroaches (D:3)
  16 goblins
  4 hobgoblins
  3 quokkas
  6 ball pythons
  4 bats
  4 frilled lizards
  5 kobolds
  A quokka zombie (D:3)
  5 rats
63 creatures vanquished.

Notes
Turn   | Place    | Note
-------+----------+-------------------------------------------
     0 | D:1      | klau3 the Hill Orc Fighter began the quest for the Orb.
     0 | D:1      | Reached XP level 1. HP: 19/19 MP: 1/1
   402 | D:1      | Reached XP level 2. HP: 27/27 MP: 2/2
   458 | D:1      | Found a faded altar of an unknown god.
   463 | D:1      | Got Plato's Disquisition on Heat
   529 | D:1      | Learned a level 1 spell: Foxfire
  1608 | D:2      | Reached XP level 3. HP: 33/33 MP: 3/3
  1753 | D:2      | Noticed Ijyb
  1769 | D:2      | Killed Ijyb
  1770 | D:2      | Reached XP level 4. HP: 22/40 MP: 4/4
  2246 | D:3      | Found a basalt altar of Yredelemnul.
  2394 | D:3      | Noticed Jessica
  2398 | D:3      | Killed Jessica
  2426 | D:3      | Found a glowing silver altar of Zin.
  2646 | D:3      | Reached XP level 5. HP: 26/46 MP: 5/5
  2821 | D:3      | Identified the ring "Cimuuzac" {Fly rPois Str+8 Int-5
                  | Slay+4}
  3652 | D:4      | Noticed Menkaure
  3730 | D:4      | Noticed an ogre
  3737 | D:4      | Slain by a scorpion

Illustrated notes

Levels and vault maps discovered:
D:1:      dpeg_arrival_morbid_curiosity, layout_basic,
          shapermc_ecumenical_altar_rom_forum
D:2:      kennysheep_the_goblin_king, layout_rooms
D:3:      layout_basic, nicolae_yredelemnul_corpse_copse, zin_treasury,
          portal_sewer_entry_e, minmay_pentangle, uniq_jessica
D:4:      layout_basic, chequers_serial_rivers_micro_b,
          chequers_serial_rivers_micro_d, uniq_menkaure, uniq_pikel

Skill      XL: |  1  2  3  4  5 |
---------------+----------------+-----
Fighting       | 4 |  4.2
Axes           | 3 4 |  4.9
Armour         | 4 |  4.1
Dodging        | |  0.6
Stealth        | |  0.2
Shields        | |  3.8
Unarmed Combat | |  0.9
Fire Magic     | |  0.2

Action                   |  1- 3 |  4- 6 || total
-------------------------+-------+-------++-------
Melee: War axe           |    68 |   113 ||   181
       Unarmed           |     5 |       ||     5
Throw: Dart              |       |     1 ||     1
  Use: Potion            |     1 |     1 ||     2
Armor: Scale mail        |    52 |    72 ||   124
Dodge: Dodged            |    49 |    70 ||   119
Block: Buckler           |    20 |    30 ||    50
